Map: At Eternity's Edge LE

Players

Dragonite - Winner!

  • Race: Protoss Protoss
  • League: Master
  • Spawn Location: 11:00

NaJi

  • Race: Protoss Protoss
  • League: Master
  • Spawn Location: 5:00

VOD

Have the link to the VOD?

Description

Time

  • Played on: June 25, 2026, 7:08 a.m.
  • Length: 5:01
Show
View Real Time Build Order
Export as new Build Order

Dragonite Protoss - Winner!

Build Orders:  

Get SALT Encoding   

  8  0:00  Probe  
  9  0:12  Probe  
  10  0:24  Probe (Chrono Boost)  
  10  0:27  Pylon  
  12  0:37  Probe (Chrono Boost)  
  12  0:43  Probe (Chrono Boost)  
  13  0:51  Probe  
  13  0:56  Gateway  
  14  1:03  Probe (Chrono Boost)  
  15  1:07  Assimilator  
  15  1:13  Probe (Chrono Boost)  
  15  1:18  Probe (Chrono Boost)  
  17  1:30  Probe  
  18  1:39  Assimilator  
  18  1:42  Probe  
  18  1:44  Cybernetics Core  
  19  1:47  Pylon  
  20  1:54  Probe  
  20  2:06  Probe  
  21  2:18  Probe  
  21  2:19  Stalker (Chrono Boost)  
  21  2:20  Warp Gate  
  24  2:30  Probe  
  25  2:39  Sentry  
  25  2:42  Probe  
  28  2:48  Nexus  
  28  2:54  Pylon  
  28  3:06  Robotics Facility  
  28  3:13  Sentry  
  28  3:15  Shield Battery  
  28  3:17  Probe  
  31  3:29  Gateway  
  31  3:33  Probe  
  32  3:36  Sentry  
  32  3:41  Pylon  
  34  3:56  Immortal (Chrono Boost)  
  38  4:06  Stalker  
  40  4:11  Shield Battery  
  40  4:18  Sentry  
  40  4:22  Shield Battery  
  42  4:27  Warp Prism (Chrono Boost)  
  42  4:51  Stalker  
  42  4:52  Stalker  
Show
View Real Time Build Order
Export as new Build Order

NaJi Protoss 

Build Orders:  

Get SALT Encoding   

  8  0:00  Probe  
  9  0:13  Probe (Chrono Boost)  
  10  0:23  Probe (Chrono Boost)  
  11  0:28  Probe (Chrono Boost)  
  11  0:33  Pylon  
  12  0:40  Probe  
  13  0:52  Probe  
  13  0:56  Gateway  
  14  1:04  Probe (Chrono Boost)  
  15  1:15  Assimilator  
  15  1:16  Probe (Chrono Boost)  
  16  1:21  Probe (Chrono Boost)  
  17  1:31  Probe  
  17  1:32  Assimilator  
  18  1:43  Probe  
  18  1:44  Cybernetics Core  
  19  1:49  Pylon  
  19  1:55  Probe  
  20  2:05  Gateway  
  20  2:16  Probe  
  20  2:17  Warp Gate (Chrono Boost)  
  20  2:22  Stalker  
  23  2:32  Probe  
  24  2:49  Stalker  
  24  2:50  Pylon  
  26  2:53  Stalker  
  26  2:54  Probe  
  28  3:13  Gateway x2  
  28  3:21  Sentry  
  28  3:22  Sentry  
  32  3:48  Pylon  
  32  3:59  Adept x2  
  36  4:11  Zealot  
  36  4:12  Stalker  
  40  4:21  Stalker x2  
  44  4:25  Pylon  
  36  4:48  Stalker x3  
Tags
 
Add a new tag
Caveats
  • Supply blocks, unpowered buildings, or Contaminate may cause inaccurate times.
  • Supply counts are checked every 10 seconds.